[Event "FIDE CB Open 2022"]
[Site "Ceske Budejovice"]
[Date "2022.07.05"]
[Round "5.30"]
[White "Radovic, Stefan"]
[Black "Koc, Azra Ece"]
[Result "1-0"]
[ECO "C54"]
[WhiteElo "2018"]
[BlackElo "1867"]
[Annotator "TA"]
[PlyCount "75"]
[EventDate "2022.07.01"]
[EventType "swiss"]
[EventCountry "CZE"]
[SourceTitle "playchess.com"]
[Source "ChessBase"]
[SourceQuality "1"]
[TimeControl "40/5400+30:1800+30"]

1. e4 e5 2. Nf3 Nc6 3. Bc4 Bc5 4. c3 Nf6 5. d4 exd4 6. e5 d5 7. Bb5 Ne4 8. cxd4 Bb4+ 9. Bd2 Bxd2+ 10. Nbxd2 Bd7 {[%emt 0:04:35] C54: Giuoco Piano: 4 c3 Nf6, main lines with 5 d4 and 5 d3.} 11. Bd3 Bf5 12. Qe2 Nxd2 {[%emt 0:14:36] The position is equal.} 13. Qxd2 {[%emt 0:00:13] [#]} Qd7 $146 (13... Be4 $5 ) ({Predecessor:} 13... Bxd3 14. Qxd3 O-O 15. O-O Qe7 16. a3 Nd8 17. Rac1 Ne6 18. Nd2 c6 19. f4 Qh4 {1-0 (32) Demidov,J (1891)-Aura,K (1986) Helsinki 2013}) 14. Rc1 a6 {[%emt 0:04:21] Inhibits Bb5.} 15. O-O O-O 16. Bxf5 Qxf5 17. Rc5 Rad8 18. b4 f6 19. Re1 Rfe8 20. exf6 ({White should try} 20. Qb2 $14) 20... Rxe1+ 21. Qxe1 Qxf6 22. Qd2 Qf5 23. Rc1 Re8 24. a4 a5 (24... Qd7 $14) 25. b5 $16 Nb4 26. Ne5 {[%emt 0:00:25] Against Nd3} (26. Rxc7 $18 {Hoping for h4.} Qb1+ 27. Rc1) 26... Re7 27. h3 Qe4 $2 (27... h6 $16) 28. Rc3 $2 (28. Qg5 $18 {and the rest is easy.} Rxe5 29. dxe5) 28... Qf5 (28... h6 $142) 29. Rf3 Qe6 30. Kh2 {[%emt 0:03:56] White is more active.} c5 (30... c6 $16 {was worth a try.}) 31. bxc6 (31. Qf4 $1 $18 Re8 32. Nf7) 31... bxc6 32. Qf4 Re8 {[%emt 0:00:09][%cal Oc6c5] Prevents Qf8+.} 33. Qg5 $40 {[%emt 0:01:27][%mdl 128] And now Rf7 would win. Black is in trouble.} Re7 {[%emt 0:01:33] [#] Prevents Rf7.} (33... Nc2 $16) 34. Ng4 $1 $18 {[%emt 0:00:57][%cal Og4h6] Nh6+! would kill now.} ({Weaker is} 34. Qf4 Re8 $16) 34... h6 $2 {[%emt 0:00:30] [#]} (34... Qd6+ 35. Rg3 Kh8) 35. Nxh6+ $1 Kh8 (35... Kh7 36. Nf5) 36. Ng4 (36. Rf8+ $142 Kh7 37. Nf5 Nd3 38. Qh4+ Kg6 39. Nxe7+ Qxe7 40. Qxe7 Nf4 41. Rxf4 Kh6 42. Rh4+ Kg6 43. Rg4+ Kh7 44. Qxg7#) 36... Qd6+ 37. g3 {[%emt 0:00:09] Intending Rf8+ and mate.} Qd8 {[%emt 0:00:35] [#]} 38. Rf7 {[%emt 0:00:50] Weighted Error Value: White=0.49/Black=1.19} (38. Nf6 $142 $1 gxf6 39. Qxf6+ Kh7 40. Qh4+ Kg8 41. Qg5+ Kh8 42. Rf4 Qg8 43. Qxe7) 1-0

[Event "FIDE CB Open 2022"]
[Site "Ceske Budejovice"]
[Date "2022.07.05"]
[Round "5.31"]
[White "Rosol, Alexander"]
[Black "Simacek, Vaclav"]
[Result "1-0"]
[ECO "B00"]
[WhiteElo "2001"]
[BlackElo "1856"]
[Annotator "TA"]
[PlyCount "87"]
[EventDate "2022.07.01"]
[EventType "swiss"]
[EventCountry "CZE"]
[SourceTitle "playchess.com"]
[Source "ChessBase"]
[SourceQuality "1"]
[TimeControl "40/5400+30:1800+30"]

1. e4 Nc6 2. d4 d5 3. Nc3 dxe4 4. d5 Nb8 5. Nxe4 Nf6 6. Nxf6+ {[%emt 0:00:28] B00: Queen's Fianchetto Defence, Nimzowitsch Defence.} exf6 7. Bb5+ {[%emt 0:03:34] [#]} c6 $146 ({Predecessor:} 7... Nd7 8. Qe2+ Be7 9. Nf3 O-O 10. O-O Nb6 11. Bc4 Re8 12. Rd1 Bc5 13. Qd3 Qd6 14. Bb3 Bg4 15. h3 Bh5 16. c4 a5 17. a3 Qg3 18. Nd4 Re1+ {0-1 (18) Robbins,K (1514)-Bruening,R (1576) IECC email 2001}) 8. Qe2+ {[%emt 0:00:18] The position is equal.} Be7 $1 {[%emt 0:01:16] [#] aiming for ...Qa5+.} 9. dxc6 Nxc6 10. Nf3 O-O 11. O-O Re8 12. Rd1 Qc7 13. Nd4 Bd7 14. Be3 Bd6 15. Qh5 (15. h3 $11) 15... Re5 $17 16. Qh4 g5 17. Qh6 {[%emt 0:01:42] Hoping for Bd3.} Bf8 ({Better is} 17... Nxd4 $17 18. Bxd4 Bxb5 19. Qxf6 Rae8 20. Bxe5 Bxe5 21. Qxg5+ Kh8) 18. Qh5 $11 (18. Qxf6 $2 Bg7 19. Qf3 Nxd4 20. Bxd4 Rxb5 $19) 18... Nxd4 19. Bxd7 Ne6 20. Ba4 {[%emt 0:01:58] Black must now prevent Rd7.} b5 21. Bb3 $40 {[%emt 0:01:56][%mdl 128] White mounts an attack.} Ng7 (21... Re8 $11) 22. Qf3 $16 {[%emt 0:00:47][%csl LRa8,LRf6] White is more active. White now steadily converts the win.} Rae8 23. Qxf6 Nh5 (23... Bc5 $16 24. Bxc5 (24. Bxg5 Rf5 $11) 24... Rxc5) 24. Qf3 $18 Nf4 25. g3 ({Resist} 25. Bxf4 $6 gxf4 26. h3 (26. Qxf4 $2 Re1+ 27. Rxe1 Rxe1+ 28. Rxe1 Qxf4 $19) 26... Bc5) 25... Ne6 26. c3 Bc5 (26... a5 $142 27. Rd5 Qc6) 27. Bd4 g4 $2 {[%emt 0:07:29] [#]} (27... Bxd4 28. cxd4 g4 29. Qxg4+ Rg5) 28. Bxe5 $1 Qxe5 (28... gxf3 29. Bxc7) 29. Qxg4+ Kh8 30. Bxe6 fxe6 31. Rd3 Rg8 32. Qd1 h5 33. Rf3 h4 34. Qd2 Qh5 {[%emt 0:01:02] Inhibits Qh6+.} 35. Kg2 h3+ 36. Kg1 Rg7 37. Rf4 {[%emt 0:00:21] Qd8+ is the strong threat.} Be7 {[%emt 0:00:25] Inhibits Qd8+.} 38. Re1 e5 39. Qd5 $1 Rg5 40. Rfe4 Bf6 41. R4e3 Qg6 42. Qxb5 Qc2 43. Qa6 Rf5 44. R3e2 {[%emt 0:00:00] Weighted Error Value: White=0.09 (flawless) /Black=0.41} 1-0

[Event "FIDE CB Open 2022"]
[Site "Ceske Budejovice"]
[Date "2022.07.05"]
[Round "5.32"]
[White "Zezula, Jakub"]
[Black "Vilimek, Vit"]
[Result "1-0"]
[ECO "B52"]
[WhiteElo "1831"]
[BlackElo "1996"]
[Annotator "TA"]
[PlyCount "109"]
[EventDate "2022.07.01"]
[EventType "swiss"]
[EventCountry "CZE"]
[SourceTitle "playchess.com"]
[Source "ChessBase"]
[SourceQuality "1"]
[TimeControl "40/5400+30:1800+30"]

1. e4 c5 2. Nf3 d6 3. Bb5+ Bd7 4. Bxd7+ Qxd7 5. O-O g6 6. Re1 {[%emt 0:00:16] B52: Sicilian: Moscow Variation with 3...Bd7.} Nc6 7. c3 Bg7 8. d4 {[%emt 0:02:43] White is slightly better.} cxd4 9. cxd4 {[%emt 0:00:10] [#]} d5 $146 {[%emt 0:00:23] [#]} ({Better is} 9... Nf6 $14) ({Predecessor:} 9... Nf6 10. Nc3 O-O 11. h3 e6 12. Bg5 Rac8 13. Qe2 Na5 14. Rad1 a6 15. e5 Nd5 16. Nxd5 exd5 17. e6 fxe6 18. Qxe6+ Qxe6 19. Rxe6 {1-0 (46) Bacrot,E (2678)-Saatdjian,S (2131) Chalons en Champagne 2021}) 10. exd5 $1 $16 Nb4 11. Nc3 {[%emt 0:06:43] Ne5 is the strong threat.} Nxd5 12. Ne5 Bxe5 13. dxe5 (13. Rxe5 $16 Nb6 14. Qf3) 13... Nxc3 $14 14. Qxd7+ Kxd7 15. bxc3 Rc8 (15... Ke6 $14) 16. Be3 $16 a6 17. Rad1+ Ke8 18. Rd3 {[%emt 0:09:17] 0x0.001e39e0751fdp-1022s more active pieces. The black rooks are badly placed.} Rd8 (18... h5 $142) 19. Red1 {[%emt 0:00:22][%csl Gd1][%cal Rd3d8] [#]} Rxd3 20. Rxd3 {[%emt 0:00:18][%mdl 4096] Endgame Black must now prevent c4. KRB-KRN} e6 (20... h5 $16 21. Bb6 Kf8 22. Rd8+ Kg7) 21. Bb6 $18 {[%emt 0:05:02] aiming for Rd8+.} Kf8 22. Rd7 Kg7 23. Rxb7 (23. Bd8 $18 g5 24. Bxg5) 23... Nh6 (23... Ne7 $16 {was called for.}) 24. c4 Ng4 $2 (24... Rc8 {might work better.}) 25. h3 Nh6 26. g4 Rc8 27. c5 Rc6 (27... Ng8 $142 28. f4 h6) 28. Ra7 Ng8 29. Rxa6 Ne7 30. a4 Nd5 (30... Rc8 $142 31. Kg2 Nc6) 31. a5 h5 (31... Rc8 $142 32. Ra7 Nb4) 32. Ra8 Nc3 33. Kf1 Ne4 34. gxh5 gxh5 35. Kg2 $2 (35. Ra7 Nxc5 36. Rc7 Rxc7 37. Bxc7) 35... Nxc5 36. Bxc5 $2 (36. Ra7 $18) 36... Rxc5 {[%emt 0:00:00] KR-KR} 37. f4 Rc4 $2 (37... Kg6 $11) 38. Kg3 $2 ({White has to play} 38. a6 $18) 38... Rc3+ 39. Kh4 {[%emt 0:00:00] Hoping for a6.} Ra3 $2 ({Black should try} 39... Kg6 $14) 40. a6 $2 (40. Kxh5 $18 {Threatens to win with h4.} Rxh3+ 41. Kg4) 40... Ra4 $2 (40... Kg6 $11) 41. Kg3 $2 (41. Kg5 $18 h4 42. a7) 41... Ra5 $2 (41... Ra3+ $11 42. Kh4 Kg6) 42. a7 Ra4 43. Kh4 Rxf4+ $2 (43... Ra3 44. f5 exf5) 44. Kxh5 Ra4 {[%emt 0:00:03] White mates.} 45. Kg5 Ra5 46. Kf4 Ra4+ 47. Ke3 Kh7 48. h4 Ra1 49. h5 Kg7 50. Kd4 Ra4+ 51. Kc5 Ra6 52. Kb5 Ra1 53. Kc6 Ra2 54. Kd7 Rb2 55. Rb8 {[%emt 0:01:03] Weighted Error Value: White=0.53/Black=0.48} 1-0

[Event "FIDE CB Open 2022"]
[Site "Ceske Budejovice"]
[Date "2022.07.05"]
[Round "5.33"]
[White "Zauner, Christoph"]
[Black "Musil, Vitezslav"]
[Result "1-0"]
[ECO "A45"]
[WhiteElo "1963"]
[BlackElo "1834"]
[Annotator "TA"]
[PlyCount "59"]
[EventDate "2022.07.01"]
[EventType "swiss"]
[EventCountry "CZE"]
[SourceTitle "playchess.com"]
[Source "ChessBase"]
[SourceQuality "1"]
[TimeControl "40/5400+30:1800+30"]

1. d4 Nf6 2. Bg5 Ne4 3. Bf4 c5 4. f3 Nf6 5. dxc5 Qa5+ 6. Nc3 Qxc5 7. e4 Nc6 {[%emt 0:03:00] A45: Trompowsky Attack.} 8. Qd2 d6 9. Nb5 Qb6 {[%emt 0:05:13] Prevents Nc7+. White is slightly better.} 10. Be3 Qd8 11. Qf2 {[%emt 0:00:38] [#] White is much more active. The black rooks are badly placed.} Nd7 $146 ({Predecessor:} 11... g6 12. O-O-O Bg7 13. h4 O-O 14. Bc4 Bd7 15. g4 Ne5 16. Na3 Nxc4 17. Nxc4 Be6 {0-1 (44) Reinert,S (2104)-Raddatz,M (2046) Agueimes 2011}) 12. O-O-O $36 {[%emt 0:05:29][%mdl 2048] White fights for an advantage.} a6 13. Nd4 g6 14. h4 (14. Nge2 $16) 14... Bg7 (14... h5 $11 {keeps the balance.}) 15. h5 $16 {[%emt 0:04:07] Black is on the road to losing.} Qa5 16. Bc4 Nce5 ({Black should try} 16... Nxd4 17. Bxd4 Qg5+ 18. Kb1 Bxd4 19. Qxd4 Rf8) 17. Bb3 gxh5 (17... Nc5 $16) 18. Nf5 $18 Bf6 19. Rxh5 {[%emt 0:03:46] Threatens to win with f4.} Nc5 {[%emt 0:01:43] [#]} 20. Kb1 $1 Be6 21. Nd4 Nxb3 (21... Bxb3 {might work better.} 22. Nxb3 Nxb3) 22. Nxe6 (22. cxb3 $6 Qc7 23. Nge2 Ng6 $16) ({Resist} 22. Nxb3 $6 Qa4 $16) 22... fxe6 23. axb3 {[%emt 0:00:11] Strongly threatening f4.} ({Don't take} 23. cxb3 Qb5 $16) 23... Qc7 24. Ne2 Rc8 (24... Nf7 {was worth a try.} 25. Nf4 Qd7) 25. Nd4 Kd7 26. Qe2 {[%emt 0:00:13] [#] Black must now prevent f4.} Nc6 (26... Ng6 $142 27. Qd2 b5) 27. Nxc6 ({Not} 27. Nxe6 Kxe6 28. e5 Nxe5 $16) 27... bxc6 (27... Qxc6 $142 28. e5 Bg7 29. exd6 exd6) 28. e5 {[%emt 0:00:21] White is clearly winning.} Bg7 29. exd6 exd6 30. Bf4 {[%emt 0:00:55] Weighted Error Value: White=0.09 (flawless) /Black=0.37} 1-0

[Event "FIDE CB Open 2022"]
[Site "Ceske Budejovice"]
[Date "2022.07.05"]
[Round "5.34"]
[White "Vrchotka, Josef"]
[Black "Kosut, Tomas"]
[Result "1-0"]
[ECO "B07"]
[WhiteElo "1959"]
[BlackElo "1820"]
[Annotator "TA"]
[PlyCount "115"]
[EventDate "2022.07.01"]
[EventType "swiss"]
[EventCountry "CZE"]
[SourceTitle "playchess.com"]
[Source "ChessBase"]
[SourceQuality "1"]
[TimeControl "40/5400+30:1800+30"]

1. e4 c5 2. c3 d6 3. d4 Nf6 4. Bd3 g6 5. Nf3 Bg7 6. O-O O-O 7. Re1 Qc7 {[%emt 0:02:15] B07: Pirc Defence: Miscellaneous Systems.} 8. Bf4 {[%emt 0:04:08] [#]} (8. h3 $1 $14) 8... Nh5 $146 ({Predecessor:} 8... Bg4 9. Nbd2 cxd4 10. cxd4 Nc6 11. h3 Bxf3 12. Nxf3 Nd7 13. Be3 Rac8 14. Qd2 Qb6 {1-0 (47) Godena,M (2517)-Polgar,J (2711) Dresden 2008}) 9. Be3 e5 {[%emt 0:05:06] White is slightly better.} 10. Qc1 b6 11. dxe5 ({White should play} 11. d5 $14) 11... dxe5 $11 12. Bh6 Bg4 13. Be2 Bxh6 14. Qxh6 {[%emt 0:00:14] Strongly threatening Ng5.} Bxf3 (14... Nf4 $1 $11) 15. Bxf3 $14 Nf4 16. g3 Nd3 17. Re2 Rd8 18. Na3 c4 19. Rd1 Na6 20. Red2 Qc6 21. Qe3 b5 22. b3 Rd6 23. Be2 Rad8 $2 (23... Nac5 $2 24. bxc4 Qxe4 25. Qxe4 (25. Bxd3 Qxe3 26. fxe3 Rad8 $16) 25... Nxe4 26. Rxd3 $18) (23... Rc8 $16 24. bxc4 (24. Bxd3 Rxd3 25. Rxd3 cxd3 $16) (24. Qxa7 Nac5 $11) 24... bxc4) 24. Bxd3 $2 (24. bxc4 $1 $18 {is the precise move to win.} bxc4 25. Nxc4 $1 (25. Bxd3 cxd3 26. Rxd3 Rxd3 $14) 25... Qxc4 26. Rxd3 Rxd3 27. Rxd3 Rxd3 28. Bxd3 (28. Qxd3 Qxd3 29. Bxd3 Nc5 $16)) 24... cxd3 $16 25. Rxd3 b4 (25... Nc5 $16 {was necessary.} 26. Rxd6 Rxd6 27. Rxd6 Qxd6) 26. Nc4 $18 Rxd3 27. Rxd3 Rxd3 28. Qxd3 {[%emt 0:00:07] Hoping for cxb4.} bxc3 {[%emt 0:00:39][%mdl 4096] Endgame KQN-KQN} (28... Qc7 $16 29. cxb4 Nxb4) 29. f3 $4 (29. Nxe5 c2 30. Nxc6 (30. Qd8+ Kg7 $17) 30... c1=Q+ 31. Kg2 Qxc6 32. Qd8+ Kg7 33. Qd4+ Kf8 34. Qd8+ Kg7 35. Qd4+ Qf6 36. Qxa7 Nb4 $17) (29. Qxc3 $18 {and life is good for White. And now Qa5 would win.} Nc5 30. Nxe5) 29... Qc5+ $19 30. Kf1 Qd4 31. Ke2 {[%emt 0:02:07] [#]} Nb4 $1 32. Qxd4 (32. Qd1 Nxa2 33. Ne3) 32... exd4 {[%emt 0:00:02] KN-KN} 33. Ne5 {[%emt 0:01:45] Against d3+} f6 $2 ({Black should try} 33... Nxa2 $19 {Threatens to win with ...c2.} 34. Nd3 a5) 34. Nd3 $11 c2 $2 {[%emt 0:00:39] White leaves nothing to chance now.} 35. Nc1 $18 d3+ (35... f5 $142 36. exf5 gxf5) 36. Kd2 Kf7 37. a3 Nc6 38. Kxd3 (38. Nxd3 $6 Nd4 $16) 38... Ke6 (38... Ne5+ $142 39. Ke2 (39. Kxc2 Nxf3 40. h4 Ke6 $14) 39... Ke7) 39. Ne2 ({Less strong is} 39. Kxc2 Nd4+ 40. Kd3 Nxf3 $16) 39... Ne5+ {[%emt 0:00:30] [#]} 40. Ke3 $1 ({Stronger than} 40. Kxc2 Nxf3 41. h4 g5 $11) 40... g5 (40... Kd6 $142 41. h3 a5) 41. Nd4+ Kd6 42. Nxc2 g4 (42... Ng6 $142 43. f4 Kc5 44. b4+ Kc4) 43. f4 Nf3 44. h3 Nd2 (44... Nh2 $142 45. hxg4 Nxg4+ 46. Kf3 Nh2+ 47. Ke2 Ng4) 45. hxg4 ({Wrong is} 45. Kxd2 $2 gxh3 46. e5+ fxe5 47. fxe5+ Ke7 $19) 45... Nxb3 46. Nd4 Na5 47. Kd3 a6 48. Kc3 Nb7 49. Nb3 Nd8 50. Nd4 $2 (50. Kc4 $18) 50... Nf7 $2 (50... Nb7 $11 51. Kc4 Na5+ 52. Kb4 Nb7 53. Nf5+ Ke6) 51. Nf3 Kc5 52. g5 Nd6 53. Kd3 fxg5 54. Nxg5 h6 55. Ne6+ Kb6 56. e5 Nf5 57. g4 Ng3 58. Ng7 {[%emt 0:00:00] Weighted Error Value: White=0.40/Black=0.69} 1-0

[Event "FIDE CB Open 2022"]
[Site "Ceske Budejovice"]
[Date "2022.07.05"]
[Round "5.35"]
[White "Pavlis, Matej"]
[Black "Zilavy, Jan"]
[Result "0-1"]
[ECO "A88"]
[WhiteElo "1625"]
[BlackElo "2090"]
[Annotator "TA"]
[PlyCount "114"]
[EventDate "2022.07.01"]
[EventType "swiss"]
[EventCountry "CZE"]
[SourceTitle "playchess.com"]
[Source "ChessBase"]
[SourceQuality "1"]
[TimeControl "40/5400+30:1800+30"]

1. d4 f5 2. c4 Nf6 3. Nf3 g6 4. g3 Bg7 5. Bg2 O-O 6. O-O d6 7. Nc3 c6 $1 {[%emt 0:00:10][%mdl 4] is recently more successful than 7...Qe8.} 8. Bg5 Qc7 {[%emt 0:06:28] A88: Dutch Defence: Leningrad System: 5 Nf3 0-0 6 0-0 d6 7 Nc3 c6.} 9. Bxf6 Bxf6 10. e4 e5 {[%emt 0:01:16] The position is equal.} 11. dxe5 (11. Rb1 $11) 11... dxe5 $15 12. Re1 {[%emt 0:03:09] [#]} f4 $146 ({Predecessor:} 12... Be6 13. Qe2 Nd7 14. Rac1 Rae8 15. b4 f4 16. Red1 g5 17. Ne1 g4 18. f3 h5 {0-1 (31) Villadsen,O (1807)-Pedersen,B (2088) Randers 2015}) 13. gxf4 Bg4 14. Qe2 (14. fxe5 $2 Bxe5 15. Qd3 Bxf3 16. Bxf3 Qf7 $19) (14. f5 $1 $11) 14... Na6 ({Better is} 14... exf4 $17 {Strongly threatening ...Nd7.} 15. e5 Bg7) 15. h3 (15. f5 $1 $11) 15... Bh5 16. f5 (16. fxe5 Bxe5 17. c5 Bxf3 18. Bxf3 Qf7 $17) 16... Be7 (16... Qg7 $15) 17. a3 (17. Qc2 $1 $11 {remains equal.}) 17... gxf5 $17 18. exf5 (18. b4 $17) 18... Rxf5 $19 19. Qe4 Raf8 20. Nxe5 Bc5 $2 {[%emt 0:12:09] This bishop pair is nice.} (20... Rxf2 21. Ng4 Bxg4 22. Qxg4+ Kh8 23. Qd4+ Kg8 24. Qg4+ Kh8 25. Qd4+ Kg8 26. Qg4+ $11) (20... Nc5 $1 $19 21. Qd4 Bf6 22. Qxc5 (22. f4 $2 Nb3 $19) 22... Bxe5 23. Rxe5 Rxe5) 21. Ng4 (21. Nd3 $17 {was forced.}) 21... Qg7 $1 {[%emt 0:00:51][%mdl 1024] Black has strong compensation.} ({Weaker is} 21... Bxf2+ 22. Nxf2 Rxf2 23. Qe5 $11) 22. Kh1 (22. Qe6+ {was necessary.} Kh8 23. Ne4 (23. Kh1 $2 Bxg4 24. hxg4 Qxg4 $19)) 22... Kh8 $2 ({Black should try} 22... Bxg4 $19 23. Qxg4 Rg5 24. Qe6+ Kh8) 23. f3 $11 Bg6 24. Ne5 (24. Rad1 $11) 24... Rg5 25. Nxg6+ Rxg6 26. Re2 Rg8 27. f4 Bd6 28. Rd1 Bxf4 29. Qxf4 Rxg2 30. Qd4 {[%emt 0:00:01] Against Rg1+} Qxd4 31. Rxd4 Rg1+ 32. Kh2 Nc5 33. Rdd2 R1g7 34. Rg2 Nb3 35. Rxg7 Nxd2 36. Rxg8+ (36. Rxb7 $2 {leads to mate.} Nf3+ 37. Kh1 Rg1#) (36. Rf7 $11) 36... Kxg8 {[%emt 0:00:03][%mdl 4096] Endgame KN-KN} 37. c5 Kf7 38. Kg3 Nc4 39. Nd1 Kg6 40. a4 {[%emt 0:01:03] Black converts the advantage convincingly.} a5 {[%emt 0:00:53] ...Kg5 is the strong threat.} 41. Kf4 {[%emt 0:05:14] [#]} (41. Kh4 $17) 41... Kh5 $1 $19 {[%emt 0:02:15] aiming for ...Kh4.} 42. Ke4 $2 {[%emt 0:00:22] [#]} (42. Kg3 {keeps fighting.}) 42... Kh4 $1 43. Kd4 Nd2 44. Ke5 $2 (44. Kd3 Nf3 45. Ke4) 44... Kxh3 45. Kd6 Ne4+ 46. Kc7 Nxc5 (46... Kg3 $142 47. Ne3 Nxc5) 47. Nc3 $2 (47. Kb6 Nxa4+ 48. Kxa5 Nxb2 49. Nxb2) 47... Kg4 {[%emt 0:02:21] Hoping for ...h5.} 48. Kb6 Nd3 {[%emt 0:01:34] White must now prevent ...h5.} 49. Kxb7 h5 {[%emt 0:01:17] ( -> ...h4)} 50. Kb6 h4 {[%emt 0:00:27] Black mates.} 51. Nd1 Kf3 52. Kxa5 h3 53. Kb6 h2 54. a5 h1=Q 55. a6 Qxd1 56. a7 Qa4 57. Kb7 Nc5+ {[%emt 0:00:27] Weighted Error Value: White=0.75/Black=0.33} 0-1

[Event "FIDE CB Open 2022"]
[Site "Ceske Budejovice"]
[Date "2022.07.05"]
[Round "5.36"]
[White "Sadek, Vojtech"]
[Black "Holub, Adam"]
[Result "1-0"]
[ECO "C57"]
[WhiteElo "1973"]
[BlackElo "1817"]
[Annotator "TA"]
[PlyCount "115"]
[EventDate "2022.07.01"]
[EventType "swiss"]
[EventCountry "CZE"]
[SourceTitle "playchess.com"]
[Source "ChessBase"]
[SourceQuality "1"]
[TimeControl "40/5400+30:1800+30"]

1. e4 e5 2. Nf3 Nc6 3. Bc4 Nf6 4. Ng5 d5 5. exd5 b5 6. Bf1 Nd4 7. c3 Nxd5 8. Ne4 Qh4 9. Ng3 Bg4 10. f3 Nf5 {[%emt 0:14:25] C57: Two Knights: Wilkes-Barre/Traxler and 4 Ng5 d5 5 exd5, unusual Black 5th moves.} 11. Bxb5+ $18 ({Worse is} 11. fxg4 Nxg3 12. Bxb5+ Ke7 13. hxg3 Qxh1+ 14. Bf1 f6 $17) 11... Kd8 12. O-O $1 Nxg3 {[%emt 0:10:47] White is clearly better.} 13. hxg3 {[%emt 0:00:11] Dancing on a razor blade.} Qf6 14. d4 {[%emt 0:10:43] [#]} Qb6 $146 ({Predecessor:} 14... Be6 15. c4 exd4 16. cxd5 Bxd5 17. Nc3 Bb7 18. Ne4 Qb6 19. Bd3 h6 20. Qb3 Qxb3 21. axb3 f5 22. Nd2 Bd6 23. Kf2 g6 24. Nc4 Bc5 25. Bf4 Bd5 26. Ra5 {1-0 (26) Tayar,J (2343)-Kraiouchkine,N (2122) Toronto 2008}) 15. Bc4 (15. fxg4 $142 Qxb5 16. Rxf7) 15... Be6 16. Qb3 Qxb3 17. Bxb3 exd4 18. cxd4 Bd6 19. f4 (19. Kf2 $16) 19... g6 20. Nc3 Nxc3 21. bxc3 c5 22. Ba3 Bg4 (22... Rc8 $16 23. Bxe6 fxe6) 23. d5 (23. dxc5 $18 Bf8 24. Rae1 (24. Bxf7 Rc8 $18)) 23... Rc8 24. Ba4 {[%emt 0:03:10] Inhibits Re8.} (24. c4 $142) 24... Kc7 25. c4 Bf5 26. Kf2 (26. Bb2 $142) 26... Rb8 27. Rfe1 (27. Bb3 $16) 27... h5 $14 28. Rac1 ({Better is} 28. Rh1 $16) 28... h4 $11 29. Bc2 ({Don't play} 29. gxh4 Rxh4 30. Bb3 Rxf4+ 31. Kg1 Rh8 $15) 29... hxg3+ 30. Kxg3 Bxc2 31. Rxc2 g5 $1 32. Bc1 Rbe8 (32... Rbg8 $11 {keeps the balance.}) 33. Kf2 ({White must play} 33. Rxe8 $1 $16 Rxe8 34. Kf3) 33... gxf4 34. Bxf4 $2 Rxe1 $2 ({Black should try} 34... Bxf4 $19 35. Rxe8 Rxe8) 35. Bxd6+ Kxd6 36. Kxe1 {[%emt 0:00:04][%mdl 4096] Endgame KR-KR} Rh4 37. Kd2 Rg4 38. Kc3 {[%emt 0:00:07] Threatening Kb3.} Rg3+ 39. Kb2 f5 (39... a6 $11) 40. Re2 (40. Rf2 $5 ) 40... Rg4 (40... a5 $11) 41. Kb3 $16 Kd7 42. Rc2 $1 {[%emt 0:00:00] And now Ka4 would win.} Kc7 {[%emt 0:01:35] [#]} 43. a3 (43. Rf2 $1 $16 ) 43... a6 44. Rf2 Rg3+ 45. Ka4 Rg4 46. Kb3 Rg3+ 47. Rf3 Rxg2 48. Rxf5 {[%emt 0:01:16] Threatens to win with Rf6.} Rg3+ 49. Ka4 Rg4 50. Rf7+ Kc8 $2 {[%emt 0:03:26][%mdl 8192] [#]} (50... Kd6 $11) 51. Ka5 $1 $18 {[%emt 0:03:33] Black must now prevent Kb6.} Rxc4 52. Kb6 {[%emt 0:00:08] White mates.} Rc3 53. Kc6 Kd8 54. d6 Ke8 55. Rh7 Rd3 56. d7+ Kd8 57. Rh8+ Ke7 58. Re8+ {[%emt 0:00:13] Weighted Error Value: White=0.43/Black=0.49} 1-0

[Event "FIDE CB Open 2022"]
[Site "Ceske Budejovice"]
[Date "2022.07.05"]
[Round "5.37"]
[White "Nejdl, Eduard"]
[Black "Rucabado, Stefan"]
[Result "1/2-1/2"]
[ECO "B51"]
[WhiteElo "1951"]
[BlackElo "1809"]
[Annotator "TA"]
[PlyCount "61"]
[EventDate "2022.07.01"]
[EventType "swiss"]
[EventCountry "CZE"]
[SourceTitle "playchess.com"]
[Source "ChessBase"]
[SourceQuality "1"]
[TimeControl "40/5400+30:1800+30"]

1. e4 c5 2. Nf3 d6 3. Bb5+ Nd7 4. O-O Ngf6 5. Re1 a6 6. Bf1 e5 7. c3 {[%emt 0:00:14] B51: Sicilian: Moscow Variation (3 Bb5+) without 3...Bd7.} Be7 8. d4 O-O 9. a4 {[%emt 0:00:39][%cal Ba2a4,Ba4a5][%mdl 32] [#] White is slightly better.} Rb8 $146 ({Predecessor:} 9... exd4 10. cxd4 d5 11. exd5 Nxd5 12. Bc4 N7b6 13. Ba2 Nb4 14. Nc3 Nxa2 15. Rxa2 Bg4 {0-1 (54) Gallagher,J (2522)-Karthikeyan,M (2530) London 2016}) 10. a5 Re8 11. Nbd2 {[%emt 0:00:45] White is more active.} (11. d5 $16) 11... Bf8 (11... exd4 $11 12. cxd4 cxd4) 12. Bc4 (12. d5 $16) 12... cxd4 13. Qb3 d5 14. exd5 Nc5 15. Qa2 Bd6 16. b4 Ncd7 17. cxd4 exd4 (17... e4 $11 18. Ng5 b5 19. axb6 Nxb6) 18. Rxe8+ (18. Bb2 $14 {was preferrable.}) 18... Qxe8 19. Ba3 (19. Bb2 $14) 19... b5 $11 20. Bd3 ({White should play} 20. axb6 $11 Nxb6 21. Qb2) 20... Bb7 $15 21. Qb2 Ne5 22. Re1 {[%emt 0:03:34] [#] Strongly threatening Nxe5.} Nxf3+ (22... Bxd5 $2 23. Nxe5 Bxe5 24. f4 $18) 23. Nxf3 Qf8 24. Qxd4 (24. Nxd4 {is more complex.} Re8 25. Rxe8 Qxe8 26. Nf5) 24... Bxd5 (24... h6 {looks sharper.} 25. Ne5 Re8 26. Bf1 Nxd5 27. Nd7 Rxe1 28. Nxf8 Nf4) 25. Bb2 Rd8 (25... Bxf3 $11 {remains equal.} 26. gxf3 Bxb4) 26. Qh4 $16 h6 27. Bxf6 gxf6 28. Qxf6 {[%emt 0:00:39][%cal Of3g5] [#] And now Ng5! would win.} Bxf3 29. Qxf3 {[%emt 0:00:34] Re4 is the strong threat.} Qg7 30. Qe4 ({White should try} 30. Re4 $16 {Threatens to win with Rg4.} Qa1+ 31. Bf1) 30... Bxb4 $11 31. Qxb4 {[%emt 0:11:57] Weighted Error Value: White=0.38/Black=0.30} 1/2-1/2